 Dungeon Crawl Stone Soup version 0.24.0-28-g17ded55e90 (webtiles) character file.

Game seed: 4177922559861360997, levelgen mode: deterministic

65 Delamore the Chopper (level 4, -1/39 HPs)
             Began as a Hill Orc Fighter on Nov 11, 2019.
             Killed from afar by Sigmund (3 damage)
             ... with a puff of flame
             ... on level 2 of the Dungeon.
             The game lasted 00:03:07 (703 turns).

Delamore the Chopper (Hill Orc Fighter)              Turns: 703, Time: 00:03:07

Health: -1/39      AC:  6    Str: 19    XL:     4   Next: 13%
Magic:  4/4        EV:  7    Int:  8    God:
Gold:   109        SH:  9    Dex: 10    Spells: 3/3 levels left

rFire    . . .     SeeInvis .   a - +0 war axe
rCold    . . .     Gourm    .   c - +0 shield
rNeg     . . .     Faith    .   b - +0 scale mail
rPois    .         Spirit   .   (no helmet)
rElec    .         Reflect  .   (no cloak)
rCorr    .         Harm     .   (no gloves)
MR       .....                  (no boots)
Stlth    ..........             (no amulet)
HPRegen  0.13/turn              (no ring)
MPRegen  0.09/turn              (no ring)

@: no status effects
A: no striking features
a: no special abilities


You were on level 2 of the Dungeon.
You were not hungry.

You visited 1 branch of the dungeon, and saw 2 of its levels.

You collected 109 gold pieces.

Inventory:

Hand Weapons
 a - a +0 war axe (weapon)
Armour
 b - a +0 scale mail (worn)
 c - a +0 shield (worn)
Scrolls
 g - a scroll of magic mapping {unknown}
 i - a scroll of noise {unknown}
 k - a scroll of fear {unknown}
Potions
 d - a potion of might
 e - a potion of curing
 h - a potion of agility {unknown}
 l - a potion of heal wounds {unknown}
Comestibles
 f - 2 rations


   Skills:
 - Level 3.6 Fighting
 + Level 5.7 Axes
 - Level 3.2 Armour
 - Level 3.2 Shields


You had 3 spell levels left.
You didn't know any spells.
Your spell library was empty.

Dungeon Overview and Level Annotations

Branches:
Dungeon (2/15)

Altars:
Uskayaw

Annotations:
D:2 Sigmund


Message History

You start resting.
Something hits you but does no damage.
Deactivating autopickup; reactivate with Ctrl-A.
You block something's attack.
You climb downwards.
Level annotation: Sigmund Reactivating autopickup.
There is a stone staircase leading up, spattered with blood here.
Deactivating autopickup; reactivate with Ctrl-A.
You hit something but do no damage. Something hits you.
* * * LOW HITPOINT WARNING * * *
You miss something. Something hits you but does no damage.
All of the chunks of flesh in your inventory have rotted away.
You hit something. Something hits you.
* * * LOW HITPOINT WARNING * * *
You hit something.
You hear some strange, mumbled words.
A puff of flame appears from out of thin air!
The puff of flame hits you.
You die...

## #.#..# .# ..##.#. .#
##+##########... .#
#....... ....... .#
#.....# ....... .#
#.....# ....!..
.########....)# ..$....
..............###.......
####............@....#
#.†...#############
#.....# #.....# #.....#
#######


There were no monsters in sight!

Vanquished Creatures
  2 adders (D:2)
  An ooze (D:1)
  2 worms (D:2)
  3 bats (D:1)
  3 giant cockroaches (D:1)
  4 goblins
  3 hobgoblins
  2 jackals (D:1)
  A quokka (D:2)
  4 frilled lizards
  6 kobolds
  7 rats
38 creatures vanquished.

Notes
Turn   | Place    | Note
-------+----------+-------------------------------------------
     0 | D:1      | Delamore the Hill Orc Fighter began the quest for the Orb.
     0 | D:1      | Reached XP level 1. HP: 19/19 MP: 1/1
    43 | D:1      | Reached skill level 3 in Axes
    69 | D:1      | Reached XP level 2. HP: 26/26 MP: 2/2
   102 | D:1      | Reached skill level 4 in Axes
   244 | D:1      | Reached XP level 3. HP: 29/31 MP: 3/3
   488 | D:1      | You fall into a shaft and drop 1 floor!
   536 | D:2      | Reached skill level 5 in Axes
   605 | D:2      | Reached XP level 4. HP: 39/39 MP: 4/4
   626 | D:2      | Found a hide-covered altar of Uskayaw.
   626 | D:2      | Noticed a +0 dagger
   626 | D:2      | Noticed a +0 dagger
   680 | D:2      | Noticed Sigmund
   702 | D:2      | HP: 1/39 [something (2)]
   703 | D:2      | Killed from afar by Sigmund

Levels and vault maps discovered:
D:1:      scummos_arrival_forest, layout_basic
D:2:      layout_basic, dancing_weapons_uskayaw, minmay_misc_feat_hallway,
          uniq_sigmund

Skill      XL: |  1  2  3 |
---------------+----------+-----
Axes           | 3 4 5 |  5.7
Fighting       | |  3.6
Armour         | |  3.2
Shields        | |  3.2

Action                   |  1- 3 |  4- 6 || total
-------------------------+-------+-------++-------
Melee: War axe           |   115 |    25 ||   140
  Use: Potion            |       |     1 ||     1
Armor: Scale mail        |    66 |     6 ||    72
Dodge: Dodged            |    25 |     3 ||    28
Block: Shield            |    74 |     6 ||    80
